 Dungeon Crawl Stone Soup version 0.30-a0-930-gb9d0489357 (webtiles) character file.

Game seed: 15023845151573555153

834 ytrimaz the Cleaver (level 8, -2/58 HPs)
             Began as a Formicid Fighter on Mar 23, 2023.
             Slain by an orc warrior
             ... wielding a +0 dire flail
              (11 damage)
             ... on level 5 of the Dungeon.
             The game lasted 00:05:01 (4313 turns).

ytrimaz the Cleaver (Formicid Fighter)              Turns: 4313, Time: 00:05:01

Health: -2/58      AC:  6    Str: 22    XL:     8   Next: 18%
Magic:  0/8        EV: 14    Int:  9    God:
Gold:   248        SH:  6    Dex: 13    Spells: 7/7 levels left

rFire   . . .      SeeInvis +    t - +1 hand axe (heavy)
rCold   . . .      Faith    .    c - +1 buckler
rNeg    . . .      Spirit   +    b - +0 scale mail
rPois   .          Reflect  .    (helmet unavailable)
rElec   .          Rampage  .    (no cloak)
rCorr   .                        (no gloves)
Will    .....                    (no boots) Stlth
                                 i - amulet of guardian spirit
HPRegen 0.29/turn                d - +5 ring of evasion
MPRegen 0.11/turn                (no ring)

@: no status effects
A: permanent stasis, dig shafts and tunnels, antennae 3, four strong arms
a: Dig, Shaft Self


You were on level 5 of the Dungeon.
You visited 1 branch of the dungeon, and saw 5 of its levels.

You collected 248 gold pieces.


Innate Abilities, Weirdness & Mutations

You cannot be hasted, slowed, berserked, paralysed or teleported.
You can dig through walls and to a lower floor.
You have a pair of large antennae on your head. (SInv)
Your four strong arms can wield two-handed weapons with a shield.


   Skills:
 - Level 3.2 Fighting
 + Level 8.9 Axes
 - Level 3.2 Armour
 - Level 4.0 Shields


You had 7 spell levels left.
You didn't know any spells.
Your spell library contained the following spells:

 Spells                   Type           Power      Damage    Failure   Level
 Magic Dart               Conj           0%         1d3       78%         1
 Summon Small Mammal      Summ           0%         N/A       78%         1
 Call Imp                 Summ           0%         N/A       89%         2
 Cigotuvi's Dreadful Rot  Necr/Pois/Air  0%         N/A       89%         2
 Ensorcelled Hibernation  Hex/Ice        0%         N/A       89%         2
 Call Canine Familiar     Summ           0%         N/A       98%         3
 Gell's Gravitas          Tloc           0%         N/A       98%         3
 Mephitic Cloud           Conj/Pois/Air  0%         N/A       98%         3
 Spider Form              Tmut/Pois      0%         N/A       98%         3
 Summon Guardian Golem    Hex/Summ       0%         N/A       98%         3
 Teleport Other           Tloc           0%         N/A       98%         3
 Anguish                  Hex/Necr       0%         N/A       100%        4
 Summon Ice Beast         Ice/Summ       0%         N/A       100%        4
 Summon Lightning Spire   Summ/Air       0%         N/A       100%        4
 Dispersal                Tloc           0%         N/A       100%        6

Inventory:

Hand Weapons
 a - a +0 war axe
 t - a +1 heavy hand axe (weapon)
   (You found it on level 4 of the Dungeon)
Missiles
 f - a throwing net
Armour
 b - a +0 scale mail (worn)
 c - a +1 buckler (worn)
Jewellery
 d - a +5 ring of evasion (left hand)
   (You found it on level 5 of the Dungeon)
 i - an amulet of guardian spirit (around neck)
   (You found it on level 1 of the Dungeon)
Scrolls
 l - a scroll of magic mapping
 n - a scroll of summoning
 p - a scroll of fear
Potions
 e - 2 potions of brilliance
 g - a potion of curing
 h - 2 potions of flight
 j - a potion of lignification {unknown}
 k - 2 potions of resistance {unknown}
 m - a potion of berserk rage {unknown}
 o - a potion of degeneration {unknown}
 q - a potion of heal wounds {unknown}
 s - a potion of cancellation {unknown}

Dungeon Overview and Level Annotations

Branches:
Dungeon (5/15) Zot: 25598  Temple (0/1) D:5

Altars:

Shops:
D:3 (

Annotations:
D:4 4 runed translucent doors

.................# #.#
.................#
.................#
.#).........oo..#####.#
>........#.............
###..###.###...########
#...##.###..##((.##..
#...##..##..#(#(#.##.
#...##.o@)..#((#...#. ####
#.....(###..#(#.#.##. ...##
#...#### #..##(..##..
....## ##..## #...########
.....###..#########........
....<.....)................
.......)))#################
.....#..<.# .....#....#


You could see an orc warrior and 8 dancing weapons.


Message History

The quokka attacks as you move away! The quokka completely misses you.
The quokka attacks as you move away! The quokka bites you. 😕 HP[-1] MP[-1]
You take 1 damage, and now have 56/58 hp.
You lost 1 mp, and now have 6/8 mp.
The quokka attacks as you move away!
The quokka completely misses you. 😕 HP[+1]
You block the quokka's attack.
You slash the quokka!
You kill the quokka! 😎 HP[+1]
Your hp is fully restored (58).
The orc wizard casts a spell at you.
You are confused. 😎 MP[+1]
You are too confused!
You are too confused!
You slash the orc wizard!
The orc wizard hits you but does no damage.
You are too confused!
You miss the orc wizard. The orc wizard closely misses you.
The orc wizard attacks as you move away!
The orc wizard closely misses you.
You bump into the rock wall.
You miss the orc wizard. You hit the orc.
You feel less confused. You block the orc wizard's attack.
The orc hits you but does no damage.
The orc wizard hits you with a +0 dagger. 😕 HP[-1]
You take 1 damage, and now have 57/58 hp.
You hit the orc warrior but do no damage.
You barely miss the orc wizard. You block the orc wizard's attack.
The orc warrior hits you with a +0 dire flail! 😕 HP[-9] MP[-1]
You take 9 damage, and now have 48/58 hp.
You lost 1 mp, and now have 6/8 mp.
You hit the orc warrior. You slash the orc wizard!
The orc wizard closely misses you.
The orc warrior hits you with a +0 dire flail! 😮 HP[-12] MP[-1]
You take 12 damage, and now have 36/58 hp.
MASSIVE DAMAGE!! (PAUSE)
You lost 1 mp, and now have 5/8 mp.
You hit the orc warrior but do no damage.
You barely miss the orc wizard. You block the orc wizard's attack.
You hit the orc wizard.
You kill the orc wizard!
You barely miss the orc warrior. The orc warrior barely misses you.
Unknown command.
You hit the orc.
You kill the orc!
You hit the orc warrior but do no damage.
You block the orc warrior's attack. 😮 HP[+1]
The orc hits you with a +0 flail. You block the orc warrior's attack.
Items here: )) [[. 😮 HP[-1]
You take 1 damage, and now have 36/58 hp.
Unknown command.
You barely miss the orc warrior. You slash the orc!
You kill the orc!
The orc warrior barely misses you. The orc warrior misses you.
You hit the orc warrior but do no damage.
The orc warrior hits you with a +0 dire flail!
* * * LOW HITPOINT WARNING * * *
Unknown command. 😨 HP[-13] MP[-2]
You take 13 damage, and now have 23/58 hp.
MASSIVE DAMAGE!! (PAUSE)
You lost 2 mp, and now have 3/8 mp.
You barely miss the orc warrior.
The orc warrior hits you with a +0 dire flail.
* * * LOW HITPOINT WARNING * * *
😨 HP[-1]
You take 1 damage, and now have 22/58 hp.
You closely miss the orc warrior. The orc warrior misses you.
The orc warrior barely misses you. 😨 HP[+1] Unknown command.
You slash the orc warrior! The orc warrior closely misses you.
Unknown command.
You slash the orc warrior!
The orc warrior hits you with a +0 dire flail!
* * * LOW HITPOINT WARNING * * *
😱 HP[-11] MP[-2]
You take 11 damage, and now have 12/58 hp.
You lost 2 mp, and now have 1/8 mp.
You hit the orc warrior but do no damage.
You block the orc warrior's attack.
The orc warrior hits you with a +0 dire flail!
* * * LOW HITPOINT WARNING * * *
Unknown command. 😱 HP[-11] MP[-1]
You take 11 damage, and now have 1/58 hp.
You lost 1 mp, and now have 0/8 mp.
You hit the orc warrior but do no damage.
The orc warrior completely misses you.
You feel better.
The orc warrior hits you with a +0 dire flail!
You die...

Skill      XL: |  1  2  3  4  5  6  7 |
---------------+----------------------+-----
Axes           | 3 4 5 6 8 |  8.9
Fighting       | |  3.2
Armour         | |  3.2
Shields        | |  4.0

Action                     |  1- 3 |  4- 6 |  7- 9 || total
---------------------------+-------+-------+-------++-------
  Melee: War axe           |    61 |   168 |    50 ||   279
         Hand axe          |       |       |    34 ||    34
Ability: Dig               |       |     1 |       ||     1
    Use: Scroll            |       |     6 |     3 ||     9
         Potion            |       |     1 |     1 ||     2
 Armour: Scale mail        |    32 |    61 |    28 ||   121
  Dodge: Dodged            |    25 |    62 |    47 ||   134
  Block: Buckler           |    18 |    43 |    26 ||    87

Levels and vault maps discovered:
D:1:      sevenhm_arrival_forest_fort_small_6, layout_loops_ring
D:2:      layout_rooms
D:3:      layout_basic, serial_shops, nicolae_shop_hallway_plus, uniq_jessica
D:4:      layout_loops_corners, serial_bayou_pond_d, st_stairs_13,
          minmay_misc_feat_more_columns, minmay_hollow_rounded_squares
D:5:      layout_rooms, nicolae_uskayaw_en_pointe, nemelex_spade_bored_becter,
          minmay_temple_entry_proselytizer, serial_bayou_pond_e, uniq_duvessa

Notes
Turn   | Place    | Note
-------+----------+-------------------------------------------
     0 | D:1      | ytrimaz the Formicid Fighter began the quest for the Orb.
     0 | D:1      | Reached XP level 1. HP: 18/18 MP: 1/1
     0 | D:1      | magus.rc [v1.9.6]
    89 | D:1      | Reached XP level 2. HP: 22/24 MP: 2/2
   125 | D:1      | You pick up a book of Callings and begin reading...
   125 | D:1      | You add the spells Summon Small Mammal, Call Canine
                  | Familiar and Summon Guardian Golem to your library.
   153 | D:1      | Reached skill level 3 in Axes
   381 | D:1      | Reached XP level 3. HP: 29/29 MP: 3/3
   713 | D:2      | You pick up a book of Dreams and begin reading...
   713 | D:2      | You add the spells Ensorcelled Hibernation, Spider Form and
                  | Anguish to your library.
   832 | D:2      | Reached skill level 4 in Axes
   832 | D:2      | Reached XP level 4. HP: 31/35 MP: 4/4
   866 | D:2      | HP: 8/35 [gnoll/+0 flail (1)]
   877 | D:2      | HP: 8/35 [endoplasm (3)]
   916 | D:2      | HP: 5/33 [gnoll/+0 spear (4)]
  1164 | D:2      | Reached XP level 5. HP: 37/41 MP: 5/5
  1535 | D:3      | Reached skill level 5 in Axes
  1807 | D:3      | You pick up a book of Minor Magic and begin reading...
  1807 | D:3      | You add the spells Magic Dart, Call Imp and Mephitic Cloud
                  | to your library.
  1903 | D:3      | Noticed Jessica
  1907 | D:3      | Killed Jessica
  2037 | D:3      | Found Zapim's Antique Weapon Shoppe.
  2463 | D:4      | You add the spells Cigotuvi's Dreadful Rot, Summon Ice
                  | Beast and Summon Lightning Spire to your library.
  2463 | D:4      | Got the Spellbook of the Massed Grave
  2579 | D:4      | Noticed a kobold brigand
  2587 | D:4      | Reached XP level 6. HP: 32/47 MP: 6/6
  2597 | D:4      | Reached skill level 6 in Axes
  2899 | D:4      | You add the spells Gell's Gravitas, Teleport Other and
                  | Dispersal to your library.
  3143 | D:4      | Reached XP level 7. HP: 45/52 MP: 4/7
  3184 | D:4      | Found a large runed translucent door.
  3186 | D:4      | Found a large runed translucent door.
  3201 | D:4      | Found a large runed translucent door.
  3201 | D:4      | Found a large runed translucent door.
  3308 | D:4      | Reached skill level 7 in Axes
  3820 | D:4      | Reached skill level 8 in Axes
  3977 | D:5      | Entered Level 5 of the Dungeon
  3997 | D:5      | Noticed a +0 falchion
  3998 | D:5      | Noticed a +0 dagger
  3998 | D:5      | Noticed a +0 falchion
  4002 | D:5      | Found a staircase to the Ecumenical Temple.
  4005 | D:5      | Noticed a +0 short sword
  4006 | D:5      | Noticed a +0 dagger
  4006 | D:5      | Noticed a +0 spear
  4101 | D:5      | Reached XP level 8. HP: 58/58 MP: 8/8
  4256 | D:5      | Noticed a +0 spear
  4258 | D:5      | Noticed a +0 short sword
  4310 | D:5      | HP: 12/58 [orc warrior/+0 dire flail (11)]
  4311 | D:5      | HP: 1/58 [orc warrior/+0 dire flail (12)]
  4313 | D:5      | Slain by an orc warrior

Vanquished Creatures
  A black bear (D:4)
  An ogre (D:4)
  A phantom (D:4)
  A kobold brigand (D:4)
  A jelly (D:4)
  A gnoll bouda (D:5)
  3 orc priests
  An iguana (D:5)
  A sleepcap (D:4)
  Jessica (D:3)
  2 orc wizards
  9 gnolls
  4 adders
  A white imp (D:4)
  3 worms
  2 dart slugs (D:4)
  14 orcs
  5 ball pythons
  7 endoplasms
  9 giant cockroaches
  10 goblins
  7 hobgoblins
  9 kobolds
  5 quokkas
  4 bats
  A frilled lizard (D:3)
  5 rats
109 creatures vanquished.

Vanquished Creatures (others)
  A plant (D:4)
1 creature vanquished.

Grand Total: 110 creatures vanquished

Table legend:
 A = Non-vault XP
 B = Vault XP
 C = Vault XP percentage of total XP
 D = Non-vault monster count
 E = Vault monster count
 F = Vault count percentage of total count
                 A         B        C        D         E       F
            +---------+---------+-------+---------+---------+-------
      Total |     819 |     373 |  31.3 |      94 |      15 |  13.8
            +---------+---------+-------+---------+---------+-------
        D:1 |      33 |       0 |   0.0 |      19 |       0 |   0.0
        D:2 |     121 |       0 |   0.0 |      25 |       0 |   0.0
        D:3 |      27 |      37 |  57.8 |       9 |       1 |  10.0
        D:4 |     473 |     295 |  38.4 |      32 |      13 |  28.9
        D:5 |     165 |      41 |  19.9 |       9 |       1 |  10.0
            +---------+---------+-------+---------+---------+-------

Illustrated notes

Table legend:
 A = Kills in this place as a percentage of kills in the entire game.
 B = Kills by you in this place as a percentage of kills by you in the entire game.
 C = Kills by friends in this place as a percentage of kills by friends in the entire game.
 D = Other kills in this place as a percentage of other kills in the entire game.
 E = Experience gained in this place as a percentage of experience gained in the entire game.
 F = Experience gained in this place divided by the number of levels of this place that you have seen.
                   A       B       C       D       E      F
               +-------+-------+-------+-------+-------+----------------------
         Total | 100.0 | 100.0 |   N/A |   N/A | 100.0 | 238.4
       Dungeon | 100.0 | 100.0 |   N/A |   N/A | 100.0 | 238.4
               +-------+-------+-------+-------+-------+----------------------

Table legend: (Time is in decaauts)
 A = Elapsed time spent in this place.
 B = Non-inter-level travel time spent in this place.
 C = Inter-level travel time spent in this place.
 D = Time resting spent in this place.
 E = Time spent auto-exploring this place.
 F = Levels seen in this place.
 G = Mean time per level.
                   A        B        C        D        E       F      G
               +--------+--------+--------+--------+--------+-----+--------+
         Total |   4400 |   4305 |     95 |    339 |   3067 |   5 |  880.0 |
       Dungeon |   4400 |   4305 |     95 |    339 |   3067 |   5 |  880.0 |
               +--------+--------+--------+--------+--------+-----+--------+

Top non-repeatable levels by time:
     D:4: 1694 daAuts
     D:3: 879 daAuts
     D:2: 865 daAuts
     D:1: 692 daAuts
     D:5: 269 daAuts
